 Dungeon Crawl Stone Soup version 0.28-a0-706-gf6f64a616a (webtiles) character file.

Game seed: 8649227384547417159

19401 lawman0 the Carver (level 12, 0/94 HPs)
             Began as a Palentonga Warper on Oct 24, 2021.
             Was an Elder of Kikubaaqudgha.
             Slain by a black mamba (13 damage)
             ... on level 3 of the Lair of Beasts on Oct 25, 2021.
             The game lasted 00:43:09 (19946 turns).

lawman0 the Carver (Palentonga Warper)             Turns: 19946, Time: 00:43:09

Health: 0/94       AC: 29    Str: 14    XL:     12   Next: 36%
Magic:  4/21       EV: 10    Int: 20    God:    Kikubaaqudgha [****..]
Gold:   395        SH:  4    Dex:  9    Spells: 2/23 levels left

rFire   . . .      SeeInvis +   a - +2 long sword (drain)
rCold   + . .      Faith    .   f - +0 buckler {rC+}
rNeg    . . .      Spirit   .   n - +3 leather armour {Will+}
rPois   .          Reflect  .   e - +2 helmet {SInv}
rElec   .          Harm     .   B - +1 cloak {Stlth+}
rCorr   .          Rampage  .   i - +0 pair of gloves
Will    +....                   (no barding)
Stlth   ++........              (no amulet)
HPRegen 0.25/turn               q - +4 ring of protection
MPRegen 0.17/turn               I - +4 ring of protection

@: slowed, curled up, very slow
A: large, rugged brown scales 3, see invisible, deformed body, roll 1, armoured
tail, reflexive curl
a: Rolling Charge, Renounce Religion, Receive Corpses


You were on level 3 of the Lair of Beasts.
You worshipped Kikubaaqudgha.
Kikubaaqudgha was greatly pleased with you.
You visited 3 branches of the dungeon, and saw 14 of its levels.
You also visited: Sewer.

You collected 544 gold pieces.
You spent 149 gold pieces at shops.

Inventory:

Hand Weapons
 a - a +2 long sword of draining (weapon)
 b - the +7 dagger of Bodily Harmony {flame, rCorr}
   (You found it on level 2 of the Lair of Beasts)

   It burns those it strikes, dealing additional fire damage.
   rCorr:     It protects you from acid and corrosion.
Missiles
 d - 4 boomerangs of dispersal (quivered)
 s - 14 boomerangs
 E - a curare-tipped dart
Armour
 e - a +2 helmet of see invisible (worn)
 f - a +0 buckler of cold resistance (worn)
 i - a +0 pair of gloves (worn)
 n - a +3 leather armour of willpower (worn)
 B - a +1 cloak of stealth (worn)
 G - a +1 kite shield of protection
Jewellery
 q - a +4 ring of protection (left hand)
 u - a ring of poison resistance
 C - a ring of willpower
 D - a ring of positive energy
 F - a ring of resist corrosion
 I - a +4 ring of protection (right hand)
Wands
 c - a wand of paralysis (12)
 t - a wand of flame (12)
 L - a wand of charming (10)
Scrolls
 h - 2 scrolls of immolation
 j - 3 scrolls of fog
 o - 4 scrolls of amnesia
 w - a scroll of torment
 y - 2 scrolls of magic mapping
 A - a scroll of vulnerability
Potions
 g - 3 potions of magic
 k - 2 potions of curing
 l - 2 potions of attraction
 m - a potion of brilliance
 p - a potion of heal wounds
 r - 2 potions of haste
 v - a potion of mutation
 x - a potion of resistance
 z - a potion of lignification
 H - a potion of invisibility
 K - a potion of flight {unknown}


   Skills:
 + Level 6.0 Fighting
 + Level 11.1 Long Blades
 + Level 1.0 Throwing
 + Level 3.6 Armour
 + Level 5.1 Dodging
 + Level 1.7 Stealth
 * Level 4.4 Shields
 + Level 6.2 Spellcasting
 * Level 9.3 Necromancy
 * Level 8.1 Translocations
 + Level 1.6 Evocations


You had 2 spell levels left.
You knew the following spells:

 Your Spells              Type           Power      Damage    Failure   Level
a - Blink                 Tloc           76%        N/A       1%          2
b - Vampiric Draining     Necr           21%        2d9       1%          3
c - Teleport Other        Tloc           38%        N/A       1%          3
d - Animate Dead          Necr           21%        N/A       2%          4
e - Dispel Undead         Necr           43%        3d17      2%          4
f - Agony                 Necr           43%        N/A       8%          5

Your spell library contained the following spells:

 Spells                   Type           Power      Damage    Failure   Level
 Animate Skeleton         Necr           86%        N/A       1%          1
 Pain                     Necr           100%       1d9       1%          1
 Sublimation of Blood     Necr           21%        N/A       1%          2
 Corpse Rot               Necr/Air       48%        N/A       2%          2
 Scorch                   Fire           12%        2d6       19%         2
 Searing Ray              Conj           12%        2d4       19%         2
 Gell's Gravitas          Tloc           19%        N/A       1%          3
 Lesser Beckoning         Tloc           38%        N/A       1%          3
 Manifold Assault         Tloc           38%        N/A       12%         5
 Death Channel            Necr           21%        N/A       38%         6
 Borgnjor's Vile Clutch   Necr/Erth      12%        N/A       45%         5
 Dispersal                Tloc           19%        N/A       56%         6
 Fulminant Prism          Conj/Hex       3%         3d6       77%         4
 Simulacrum               Ice/Necr       12%        N/A       96%         6
 Disjunction              Tloc           19%        N/A       100%        8


Dungeon Overview and Level Annotations

Branches:
Dungeon (10/15)            Temple (1/1) D:5            Lair (3/6) D:10
 Shoals (0/4) Lair:2       Spider (0/4) Lair:2          Orc (0/2) D:10
  Sewer (visited)

Altars:
Ashenzari
Cheibriados
Dithmenos
Elyvilon
Fedhas
Gozag
Hepliaklqana
Kikubaaqudgha
Makhleb
Nemelex Xobeh
Okawaru
Qazlal
Ru
Sif Muna
Trog
Uskayaw
Vehumet
Wu Jian
Xom
Yredelemnul
Zin
The Shining One

Shops:
D:5 :   D:9 [   D:10 (

Annotations:
D:8 3 runed translucent doors, Maimakterion's ghost, novice DsGl
Lair:3 Sonja


Innate Abilities, Weirdness & Mutations

You are completely covered in rugged brown scales. (AC +3, +7% HP)
You have supernaturally acute eyesight. (SInv)
Armour fits poorly on your strangely shaped body.
You can roll at nearby foes to attack.
You have a long armoured tail.
You curl defensively after being hit.


Message History

* * * LOW HITPOINT WARNING * * *
You feel extremely sick. The black mamba bites you!
* * * LOW HITPOINT WARNING * * *
The black mamba bites you but does no damage.
The black mamba bites you.
* * * LOW HITPOINT WARNING * * *
Casting: Vampiric Draining (safe; 1% risk of failure)
Confirm with . or Enter, or press ? or * to list all spells.
You don't have enough magic to cast this spell.
Unknown command.
Unknown command.
Casting: Vampiric Draining (safe; 1% risk of failure)
Confirm with . or Enter, or press ? or * to list all spells.
You don't have enough magic to cast this spell.
Unknown command.
Unknown command.
You feel better. You block the black mamba's attack.
The black mamba closely misses you.
A black mamba comes into view.
The black mamba bites you.
* * * LOW HITPOINT WARNING * * *
The black mamba closely misses you.
The black mamba bites you but does no damage.
The black mamba barely misses you. The black mamba bites you.
* * * LOW HITPOINT WARNING * * *
The black mamba bites you but does no damage.
The black mamba hisses angrily.
You hit the black mamba. You drain the black mamba.
You kill the black mamba!
Kikubaaqudgha accepts your kill.
You hear a trumpeting!
The black mamba bites you but does no damage.
The elephant trumpets!
You hear a trumpeting!
Okay, then.
Okay, then.
The black mamba bites you but does no damage.
The black mamba bites you!
You die...
Kikubaaqudgha rasps: "You have failed me!
Welcome... death!"

#..P...
..........#........#
##D. #.......
.......Y.....⌠....
#.l. ........P
........#.......
##SF #.........##
#.. ##.......## #..
##..#.##### #...
#PY........ .....
#.S........ .......
#.@...)............
##.##P....#P#......
#..# ##.### ##.....
#...# ## #.....
##P.# #..# #P.. ....
....


You could see 2 elephants and a black mamba.

Vanquished Creatures
  A salamander (shapeshifter) (D:9)
  A cyclops (D:6)
  4 elephants (Lair:2)
  2 black mambas
  2 cane toads (Lair:2)
  A rime drake (Lair:2)
  2 trolls (D:7)
  6 blink frogs
  A shadow (D:10)
  20 yaks
  7 killer bees
  A steam dragon (D:7)
  A wyvern (D:7)
  A warg (D:6)
  Duvessa (D:6)
  4 water moccasins
  5 orc warriors
  3 sky beasts
  A black bear (D:8)
  An ice beast (D:7)
  14 ogres
  3 centaurs
  A phantom (D:6)
  9 kobold brigands
  11 bullfrogs
  A wyvern zombie (D:8)
  Dowan (D:6)
  A wyvern skeleton (D:7)
  A water moccasin skeleton (D:4)
  8 wights
  10 howler monkeys
  2 bullfrog zombies
  A bullfrog skeleton (D:4)
  4 centaur zombies
  7 hounds
  3 gnoll shamans
  3 centaur skeletons
  10 orc priests
  Crazy Yiuf (D:3)
  2 jellies
  3 iguanas
  8 orc wizards
  2 howler monkey zombies
  11 gnolls
  2 howler monkey skeletons
  3 adders
  8 river rats (Sewer)
  A shadow imp (D:7)
  3 white imps
  2 worms (D:2)
  4 dart slugs
  40 orcs
  11 endoplasms
  4 giant cockroaches
  9 goblins
  9 hobgoblins
  7 quokkas
  15 ball pythons
  3 bats
  2 frilled lizards
  34 kobolds
  22 rats
361 creatures vanquished.

Vanquished Creatures (collateral kills)
  Harold (D:7)
  An elephant (Lair:2)
  A rime drake (Lair:3)
  3 kobold demonologists (D:10)
  2 blink frogs
  A water moccasin (Lair:3)
  An ogre (D:6)
  A centaur (D:7)
  3 killer bees (D:8)
  A wight (D:7)
  A centaur zombie (D:7)
  A gnoll (D:6)
  3 orcs
  8 kobolds
28 creatures vanquished.

Vanquished Creatures (others)
  A black bear (D:4)
  2 killer bees (D:8)
  A bullfrog (D:7)
  A scorpion (D:7)
  A wight (D:7)
  2 orcs
  A bush (Lair:1)
  14 fungi
  33 plants
56 creatures vanquished.

Grand Total: 445 creatures vanquished

Notes
Turn   | Place    | Note
-------+----------+-------------------------------------------
     0 | D:1      | lawman0 the Palentonga Warper began the quest for the Orb.
     0 | D:1      | Reached XP level 1. HP: 17/17 MP: 3/3
   257 | D:1      | You fall into a shaft and drop 1 floor!
   339 | D:2      | Reached XP level 2. HP: 23/23 MP: 5/5
   394 | D:2      | Learned a level 2 spell: Blink
   770 | D:2      | Reached skill level 1 in Armour
   861 | D:2      | oh
   864 | D:2      | Learned a level 1 spell: Pain
   885 | D:2      | Reached XP level 3. HP: 24/28 MP: 4/6
  1405 | D:2      | Found a faded altar of an unknown god.
  1407 | D:2      | Identified a scroll of acquirement
  1408 | D:2      | Acquired a +2 helmet of see invisible
  1544 | D:2      | Found a glowing golden altar of the Shining One.
  2891 | D:3      | Learned a level 3 spell: Teleport Other
  2999 | D:3      | Reached XP level 4. HP: 36/36 MP: 7/7
  3244 | D:4      | Reached skill level 3 in Long Blades
  3378 | D:4      | Reached skill level 1 in Necromancy
  3399 | D:4      | Noticed a black bear
  3403 | D:4      | Noticed an ogre
  3416 | D:4      | Reached XP level 5. HP: 41/41 MP: 8/8
  3418 | D:4      | Killed an ogre
  3448 | D:4      | Reached skill level 4 in Long Blades
  3448 | D:4      | Reached XP level 6. HP: 36/49 MP: 9/9
  3526 | D:4      | Found a glowing drain.
  3551 | Sewer    | Entered a sewer
  3768 | Sewer    | Learned a level 3 spell: Vampiric Draining
  5080 | D:4      | Noticed a sky beast
  5088 | D:4      | Killed a sky beast
  5089 | D:4      | Reached skill level 5 in Long Blades
  5089 | D:4      | Gained mutation: You curl defensively after being hit.
                  | [Palentonga growth]
  5089 | D:4      | Reached XP level 7. HP: 54/54 MP: 10/10
  5165 | D:5      | Entered Level 5 of the Dungeon
  5265 | D:5      | Found Utrent's Book Emporium.
  5325 | D:5      | HP: 1/54 [orc (2)]
  5682 | D:5      | Found an opulent altar of Gozag.
  5697 | D:5      | Found a staircase to the Ecumenical Temple.
  5706 | Temple   | Entered the Ecumenical Temple
  5911 | D:5      | Found a glowing silver altar of Zin.
  5911 | D:5      | Found an ancient bone altar of Kikubaaqudgha.
  5911 | D:5      | Found a shimmering altar of Xom.
  5923 | D:5      | Became a worshipper of Kikubaaqudgha
  6086 | D:4      | Reached skill level 6 in Long Blades
  6255 | D:4      | Reached XP level 8. HP: 50/62 MP: 11/11
  6644 | D:3      | Found a blossoming altar of Fedhas.
  6922 | D:3      | Found a runed translucent door.
  6923 | D:3      | Noticed Crazy Yiuf
  6930 | D:3      | Killed Crazy Yiuf
  7507 | D:5      | Found an iron altar of Okawaru.
  7786 | D:6      | Noticed Duvessa
  7786 | D:6      | Noticed Dowan
  7797 | D:6      | Killed Duvessa
  7797 | D:6      | Reached * piety under Kikubaaqudgha
  7797 | D:6      | Received a gift from Kikubaaqudgha
  7798 | D:6      | Reached skill level 7 in Long Blades
  7799 | D:6      | Killed Dowan
  8096 | D:6      | Found a sparkling altar of Nemelex Xobeh.
  8196 | D:6      | Reached XP level 9. HP: 69/69 MP: 12/12
  8201 | D:6      | Learned a level 4 spell: Animate Dead
  8208 | D:6      | Reached skill level 8 in Long Blades
  8261 | D:6      | Reached skill level 5 in Translocations
  8474 | D:6      | Found a shimmering blue altar of Sif Muna.
  8481 | D:6      | Found a bloodstained altar of Trog.
  8948 | D:6      | Reached skill level 1 in Stealth
  9052 | D:6      | Reached skill level 5 in Necromancy
  9058 | D:6      | Reached ** piety under Kikubaaqudgha
  9089 | D:6      | Reached skill level 9 in Long Blades
  9333 | D:6      | Reached skill level 1 in Evocations
  9548 | D:6      | Noticed a cyclops
  9771 | D:6      | Killed a cyclops
  9772 | D:6      | Reached XP level 10. HP: 78/78 MP: 13/15
 11164 | D:7      | Found a stormy altar of Qazlal.
 11294 | D:7      | Reached skill level 5 in Fighting
 11456 | D:7      | Noticed a boulder beetle
 11480 | D:7      | Noticed Harold
 11488 | D:7      | Killed Harold
 11489 | D:7      | Reached skill level 1 in Throwing
 11489 | D:7      | Reached skill level 1 in Shields
 11508 | D:7      | Noticed a gargoyle
 11509 | D:7      | Noticed a two-headed ogre
 11931 | D:7      | Got Sif Muna's Collected Works on Flamy Battle Magic
 12078 | D:8      | Reached skill level 10 in Long Blades
 12135 | D:8      | Found a runed translucent gate.
 12135 | D:8      | Found a runed translucent gate.
 12135 | D:8      | Found a runed translucent gate.
 12136 | D:8      | Noticed Maimakterion's ghost (novice DsGl)
 12408 | D:8      | Found a broken altar of Ashenzari.
 13823 | D:7      | Reached XP level 11. HP: 72/85 MP: 17/17
 14257 | D:9      | Found Kaczen's Armour Boutique.
 14260 | D:9      | Bought a +0 buckler of cold resistance for 149 gold pieces
 14307 | D:9      | Found a radiant altar of Vehumet.
 14552 | D:9      | Reached *** piety under Kikubaaqudgha
 14552 | D:9      | Received a gift from Kikubaaqudgha
 14555 | D:9      | sick
 14560 | D:9      | Learned a level 4 spell: Dispel Undead
 15607 | D:10     | Entered Level 10 of the Dungeon
 15607 | D:10     | Found a staircase to the Orcish Mines.
 15771 | D:10     | Found Ytheq's Weapon Boutique.
 15970 | D:10     | Found a staircase to the Lair.
 16043 | D:10     | Reached skill level 5 in Spellcasting
 16094 | D:10     | Found a white marble altar of Elyvilon.
 16315 | D:10     | Noticed a soul eater
 17292 | Lair:1   | Entered Level 1 of the Lair of Beasts
 17502 | Lair:1   | Reached **** piety under Kikubaaqudgha
 18628 | Lair:2   | Reached XP level 12. HP: 71/93 MP: 4/20
 18865 | Lair:2   | Reached skill level 11 in Long Blades
 18931 | Lair:2   | Found a staircase to the Shoals.
 19161 | Lair:2   | Learned a level 5 spell: Agony
 19177 | Lair:2   | Found a hole to the Spider Nest.
 19297 | Lair:2   | Identified the +7 dagger of Bodily Harmony {flame, rCorr}
 19675 | Lair:2   | Reached skill level 5 in Dodging
 19903 | Lair:3   | Noticed a six-headed hydra
 19920 | Lair:3   | Noticed a catoblepas
 19929 | Lair:3   | Noticed Sonja
 19946 | Lair:3   | Slain by a black mamba

Illustrated notes

..#.#### ..<.....).#
#...# ..........# ..#.#
#####.<........# #[..#
#.....##########
..#.#########.....#
#....#............#
..#....†..........#####
#..###................#
.#####..........@!....#
.
......................
.....................##
.......................
#####.................#
#.........#####.#S.
###......... ....
#..######## ## #...


Turn 861 on D:2: oh ##Z##...# #Z.##.#.## ##.....#..# ##.Z...###.##
##.......##..# #.>.Z..#.###.## ##...Z..#..##..# #.....).##.###.##
#....@(.##..##..# ..####.......###.###.## # .............# #..##..# #
.............# ##.###.## ## .##..........# #..##..# #. ##.........# ##.###.###.
##......#.# ##......... #......### #..######## ##.....## #### #.... Turn 14555
on D:9: sick

Levels and vault maps discovered:
D:1:      lemuel_arrival_cross, layout_basic, chequers_serial_rivers_room_b
D:2:      layout_basic, shapermc_ecumenical_altar_mp_urbaneastern, basic_altar,
          hex_medium, amcnicky_mini_pool_small
D:3:      layout_basic, mainiacjoe_overflow_surrounded_room,
          minmay_fractal_squares_5, uniq_crazy_yiuf_cottage
D:4:      layout_loops_ring, portal_sewer_entry_f
D:5:      layout_cave_pools, okawaru_metal_pillars_1_2,
          gammafunk_temple_overflow_forgotten, nicolae_gozag_seed_capital,
          minmay_temple_entry_antechambers, serial_shops, shop_fountains
D:6:      lemuel_castle_with_subvaults [lemuel_castle_interior_carwin_1],
          layout_loops_ring, nzn_overflow_gifts_of_might_and_magic,
          kennysheep_little_box, kennysheep_generic_room_4, uniq_duvessa
D:7:      nzn_winding_woodlands_medium [nzn_winding_woodlands_5x5_three,
          nzn_winding_woodlands_5x15_twine, nzn_winding_woodlands_5x5_open_star,
          nzn_winding_woodlands_hourglass,
          nzn_winding_woodlands_center_triple_pond,
          nzn_winding_woodlands_5x5_closed_star,
          nzn_winding_woodlands_5x5_checkerboard,
          nzn_winding_woodlands_5x15_pockets,
          nzn_winding_woodlands_5x5_perimeter], layout_loops_ring,
          mainiacjoe_overflow_cross_hatched, uniq_harold
D:8:      layout_gridville, mainiacjoe_overflow_paths, gammafunk_ghost_split,
          nicolae_two_hexagons
D:9:      layout_cave_pods, vehumet_altar_wand_db, serial_shops,
          nicolae_stop_n_shop_1, nicolae_benzene_ring
D:10:     layout_layer_cave, mainiacjoe_overflow_boulevard, lair_entry_dummy,
          serial_shops, shop_statue
Temple:   compressed_dpeg_triangle_lava_temple
Lair:1:   layout_cave_pods, minivault_23, grunt_forest_small_clearing_treed
Lair:2:   layout_regular_city, elwin_shoals_entry_rocks,
          spider_nest_entry_web_field, minivault_23
Lair:3:   layout_chaotic_city, grunt_megastairs_3, serial_bayou_shore_b,
          serial_bayou_shore_b, uniq_sonja, uniq_rupert

Skill      XL: |  1  2  3  4  5  6  7  8  9 10 11 12 |
---------------+-------------------------------------+-----
Armour         | 1 2 3 |  3.6
Dodging        | 2 3 4 5 |  5.1
Long Blades    | 3 4 5 6 7 9 10 11 | 11.1
Necromancy     | 1 2 3 4 5 7 8 9 |  9.3
Translocations | 4 5 6 7 8 |  8.1
Fighting       | 3 4 5 6 |  6.0
Stealth        | 1 |  1.7
Evocations     | 1 |  1.6
Spellcasting   | 3 4 5 6 |  6.2
Throwing       | 1 |  1.0
Shields        | 2 4 |  4.4

Action                   |  1- 3 |  4- 6 |  7- 9 | 10-12 || total
-------------------------+-------+-------+-------+-------++-------
Melee: Falchion          |   137 |   300 |    43 |       ||   480
       Tailslap          |    14 |    23 |    26 |    77 ||   140
       Long sword        |       |       |   306 |   666 ||   972
Throw: Boomerang         |       |       |     6 |       ||     6
       Dart              |       |       |       |     5 ||     5
 Cast: Pain              |    15 |       |       |       ||    15
       Blink             |     1 |     1 |     3 |    11 ||    16
       Vampiric Draining |       |     1 |     3 |    41 ||    45
       Animate Dead      |       |       |     7 |    39 ||    46
       Dispel Undead     |       |       |       |     3 ||     3
       Agony             |       |       |       |     1 ||     1
Invok: Receive Corpses   |       |       |     1 |    11 ||    12
 Abil: Rolling Charge    |    11 |     6 |    31 |    43 ||    91
Evoke: Wand              |       |     3 |    22 |    14 ||    39
  Use: Scroll            |     4 |     8 |     7 |    12 ||    31
       Potion            |       |     2 |     2 |    11 ||    15
 Stab: Sleeping          |       |       |     1 |     1 ||     2
Armor: Leather armour    |    51 |   137 |   150 |   518 ||   856
Dodge: Dodged            |    49 |   169 |   131 |   366 ||   715
Block: Buckler           |       |       |       |   143 ||   143

Table legend: (Time is in decaauts)
 A = Elapsed time spent in this place.
 B = Non-inter-level travel time spent in this place.
 C = Inter-level travel time spent in this place.
 D = Time resting spent in this place.
 E = Time spent auto-exploring this place.
 F = Levels seen in this place.
 G = Mean time per level.
                   A        B        C        D        E       F      G
               +--------+--------+--------+--------+--------+-----+--------+
         Total |  20027 |  19144 |    883 |   3299 |  10934 |  15 | 1335.1 |
       Dungeon |  15886 |  15105 |    781 |   2807 |   8420 |  10 | 1588.6 |
        Temple |    188 |    171 |     17 |      0 |    164 |   1 |  188.0 |
          Lair |   2629 |   2545 |     84 |    299 |   1559 |   3 |  876.3 |
         Sewer |   1322 |   1322 |      0 |    193 |    789 |   1 | 1322.0 |
               +--------+--------+--------+--------+--------+-----+--------+

Top non-repeatable levels by time:
     D:6: 3387 daAuts
    D:10: 1672 daAuts
     D:7: 1640 daAuts
     D:2: 1524 daAuts
     D:4: 1432 daAuts
     D:1: 1412 daAuts
     D:9: 1367 daAuts
     D:8: 1325 daAuts
   Sewer: 1322 daAuts
  Lair:2: 1289 daAuts
  Lair:1: 1250 daAuts
     D:3: 1232 daAuts
     D:5: 891 daAuts
  Temple: 188 daAuts
  Lair:3: 88 daAuts
